 Dungeon Crawl Stone Soup version 0.16.1-11-g651b585 (webtiles) character file.

3857 arnash the Magician (level 9, -1/66 HPs)
             Began as a Mummy Fire Elementalist on Apr 1, 2015.
             Was a Follower of Vehumet.
             Slain by a killer bee (9 damage)
             ... on level 12 of the Dungeon on Apr 3, 2015.
             The game lasted 01:28:22 (13842 turns).

arnash the Magician (Mummy Fire Elementalist)      Turns: 13842, Time: 01:28:22

Health: -1/66      AC:  5    Str: 11    XL:     9   Next: 99%
Magic:  18/33      EV: 12    Int: 17    God:    Vehumet [*.....]
Gold:   195        SH:  0    Dex: 12    Spells: 8 memorised, 2 levels left

rFire  . . .     SeeInvis .     o - +2 quarterstaff (speed)
rCold  . . .     Clarity  .     t - +0 robe
rNeg   + + +     SustAb   .     (no shield)
rPois  ∞         Gourm    .     g - +0 helmet
rElec  .         Spirit   .     i - +0 cloak
rCorr  .         Warding  .     (no gloves)
rMut   .         Stasis   .     s - +0 pair of boots
MR     +....                    (no amulet)
Stlth  ++........               l - ring of fire
                                k - ring of magical power

@: somewhat resistant to hostile enchantments, unstealthy
A: no food or potions, fire vulnerability, restore body, cold resistance 1,
negative energy resistance 3, poison resistance, torment resistance, unbreathing
a: Renounce Religion


You were on level 12 of the Dungeon.
You worshipped Vehumet.
Vehumet was aware of your devotion.
You were not hungry.

You visited 1 branch of the dungeon, and saw 12 of its levels.
You also visited: Sewer.

You collected 195 gold pieces.

Inventory:

Hand weapons
 a - a +2 flail of protection
 c - a +1 quarterstaff of protection
 o - a +2 quarterstaff of speed (weapon)
 u - a +4 spear
Missiles
 p - 9 tomahawks
 v - 13 stones (quivered)
Armour
 g - a +0 helmet (worn)
 i - a +0 cloak (worn)
 s - a +0 pair of boots (worn)
 t - a +0 robe (worn)
Magical staves
 y - an uncursed staff of cold
Jewellery
 h - an uncursed ring of protection from cold {unknown}
 k - a ring of magical power (left hand)
 l - a ring of fire (right hand)
Magical devices
 f - a wand of disintegration (8)
Scrolls
 d - 5 scrolls of remove curse
 e - 3 scrolls of identify
Books
 b - a book of Flames

   Spells                             Type                      Level
   a - Flame Tongue                   Conjuration/Fire             1
   b - Throw Flame                    Conjuration/Fire             2
   c - Conjure Flame                  Conjuration/Fire             3
   d - Inner Flame                    Hexes/Fire                   3
   e - Sticky Flame                   Conjuration/Fire             4
   f - Fireball                       Conjuration/Fire             5
 m - a book of Geomancy

   Spells                             Type                      Level
   a - Sandblast                      Earth                        1
   b - Stoneskin                      Transmutation/Earth          2
   c - Passwall                       Transmutation/Earth          3
   d - Stone Arrow                    Conjuration/Earth            3
   e - Petrify                        Transmutation/Earth          4
   f - Lee's Rapid Deconstruction     Earth                        5
 n - a book of Beasts

   Spells                             Type                      Level
   a - Summon Butterflies             Summoning                    1
   b - Call Canine Familiar           Summoning                    3
   c - Summon Ice Beast               Ice/Summoning                4
   d - Summon Mana Viper              Hexes/Summoning              5
   e - Monstrous Menagerie            Summoning                    6
   f - Summon Hydra                   Summoning                    7
 w - a book of Minor Magic

   Spells                             Type                      Level
   a - Magic Dart                     Conjuration                  1
   b - Blink                          Translocation                2
   c - Call Imp                       Summoning                    2
   d - Repel Missiles                 Charms/Air                   2
   e - Slow                           Hexes                        2
   f - Conjure Flame                  Conjuration/Fire             3
   g - Mephitic Cloud                 Conjuration/Poison/Air       3


   Skills:
 * Level 4.5 Fighting
 + Level 0.8(1.2) Maces & Flails
 + Level 1.2(1.3) Staves
 - Level 1.4 Throwing
 - Level 2.0 Dodging
 - Level 1.8 Stealth
 + Level 7.1 Spellcasting
 + Level 4.5 Conjurations
 * Level 1.9 Summonings
 * Level 2.5 Translocations
 * Level 1.8 Transmutations
 + Level 5.7 Fire Magic
 * Level 3.3 Earth Magic
 + Level 0.1 Evocations


You had 2 spell levels left.
You knew the following spells:

 Your Spells              Type           Power        Failure   Level  Hunger
a - Flame Tongue          Conj/Fire      #####        1%          1    N/A
b - Throw Flame           Conj/Fire      #####.       2%          2    N/A
c - Conjure Flame         Conj/Fire      #####...     6%          3    N/A
d - Fireball              Conj/Fire      #####.....   45%         5    N/A
e - Passwall              Trmt/Erth      ##........   14%         3    N/A
f - Summon Butterflies    Summ           ##......     6%          1    N/A
g - Blink                 Tloc           N/A          10%         2    N/A
h - Mephitic Cloud        Conj/Pois/Air  ##......     21%         3    N/A

Dungeon Overview and Level Annotations

Branches:
Dungeon (12/15)            Temple (0/1) D:7
   Lair: D:8-11         Orc: D:9-12

Altars:
Cheibriados
Dithmenos
Kikubaaqudgha
Nemelex Xobeh
Qazlal
Ru
Trog
Vehumet

Annotations:
D:8 exclusion: deep elf fighter


Innate Abilities, Weirdness & Mutations

You do not eat or drink.
Your flesh is vulnerable to fire.
Your flesh is cold resistant.
You are immune to negative energy.
Your system is resistant to poisons.
You are immune to unholy pain and torment.
You can survive without breathing.


Message History

The killer bee closely misses you. The killer bee stings you.
* * * LOW HITPOINT WARNING * * *
The killer bee stings you but does no damage.
The killer bee stings you.
* * * LOW HITPOINT WARNING * * *
The killer bee stings you.
* * * LOW HITPOINT WARNING * * *
The killer bee barely misses you.
You climb downwards.
Found a slice of pizza.
There is a stone staircase leading up here.
Read which item? (? for menu, Esc to quit)
As you read the scroll labeled RERUISARO DEWN, it crumbles to dust.
It is a scroll of recharging.
Charge which item? (? for menu, Esc to quit)
Your wand of disintegration {empty} glows for a moment.
The killer bee stings you but does no damage.
The killer bee barely misses you. x2
The killer bee stings you!
You die...

##########.
..####..........#
........@.......#
.......yyy.....##
#####.........#
####......#
#...... .....
.... ...


You could see 3 killer bees.

Vanquished Creatures
  Grinder (D:3)
  A two-headed ogre (D:8)
  2 yaks (D:9)
  3 hungry ghosts (D:8)
  Eustachio (D:4)
  A deep elf fighter (D:8)
  An ice beast (D:10)
  Purgy (Sewer)
  4 sky beasts (D:6)
  3 ogres (D:6)
  2 centaurs
  A phantom (D:3)
  2 giant frogs
  A gnoll sergeant (D:8)
  3 scorpions
  2 killer bees (D:10)
  A jelly (D:6)
  2 crimson imps (D:6)
  2 giant frog skeletons (D:5)
  An orc priest (D:6)
  6 worker ants
  4 orc wizards
  A hound (D:4)
  3 iguanas
  Ijyb (D:5)
  A hound skeleton (D:5)
  A river rat (D:5)
  8 gnolls
  A shadow imp (D:8)
  15 adders
  3 giant mites
  6 worms
  An adder skeleton (D:4)
  5 giant geckos
  16 orcs
  16 bats
  2 bat skeletons
  10 goblins
  8 hobgoblins
  6 jackals
  4 quokkas
  4 ball pythons
  2 giant cockroaches
  A giant gecko skeleton (D:6)
  13 giant newts
  A jackal zombie (D:5)
  9 kobolds
  12 rats
195 creatures vanquished.

Vanquished Creatures (others)
  3 butterflies (D:9)
3 creatures vanquished.

Grand Total: 198 creatures vanquished

Notes
Turn   | Place    | Note
--------------------------------------------------------------
     0 | D:1      | arnash, the Mummy Fire Elementalist, began the quest for the Orb.
     0 | D:1      | Reached XP level 1. HP: 13/13 MP: 3/3
   939 | D:1      | Reached XP level 2. HP: 19/19 MP: 4/4
  1703 | D:2      | Reached skill level 1 in Conjurations
  1731 | D:2      | Reached XP level 3. HP: 23/25 MP: 0/6
  1736 | D:2      | Learned a level 3 spell: Conjure Flame
  1825 | D:2      | Found a stormy altar of Qazlal.
  2209 | D:3      | Reached skill level 1 in Throwing
  2754 | D:3      | Reached XP level 4. HP: 28/31 MP: 5/8
  2758 | D:3      | Learned a level 2 spell: Throw Flame
  3498 | D:3      | Noticed Grinder
  3516 | D:4      | Reached skill level 3 in Fire Magic
  3651 | D:4      | Noticed Eustachio
  3676 | D:3      | Killed Grinder
  3676 | D:3      | Reached skill level 1 in Fighting
  3676 | D:3      | Reached skill level 1 in Staves
  3676 | D:3      | Reached XP level 5. HP: 18/37 MP: 5/11
  3676 | D:3      | Reached XP level 6. HP: 20/43 MP: 5/13
  3841 | D:3      | Learned a level 5 spell: Fireball
  5444 | D:4      | Noticed a phantom
  5702 | D:3      | Killed a phantom
  5702 | D:3      | Reached skill level 4 in Spellcasting
  5948 | D:5      | Entered Level 5 of the Dungeon
  5952 | D:5      | Reached XP level 7. HP: 50/50 MP: 17/17
  6046 | D:5      | Noticed Ijyb
  6060 | D:5      | Killed Ijyb
  6159 | D:5      | Found a glowing drain.
  6159 | D:5      | Found a shadowy altar of Dithmenos.
  6168 | D:5      | Found a sacrificial altar of Ru.
  6434 | Sewer    | Entered a sewer
  6562 | Sewer    | Noticed Purgy
  6571 | Sewer    | Killed Purgy
  6822 | D:5      | Became a worshipper of Ru the Awakened
  7202 | D:5      | Found a radiant altar of Vehumet.
  7203 | D:5      | Found a snail-covered altar of Cheibriados.
  7969 | D:5      | Reached skill level 5 in Spellcasting
  7969 | D:5      | Reached XP level 8. HP: 41/58 MP: 13/20
  8290 | D:6      | Learned a level 3 spell: Passwall
  8388 | D:4      | Learned a level 1 spell: Summon Butterflies
  8515 | D:4      | Killed Eustachio
  8515 | D:4      | Reached skill level 1 in Earth Magic
  8898 | D:6      | Learned a level 2 spell: Blink
  9429 | D:6      | Found an ancient bone altar of Kikubaaqudgha.
  9660 | D:6      | Reached skill level 6 in Spellcasting
  9759 | D:6      | Reached skill level 5 in Fire Magic
  9935 | D:6      | Found a bloodstained altar of Trog.
 10173 | D:5      | Fell from the grace of Ru
 10173 | D:5      | Became a worshipper of Vehumet
 10750 | D:6      | Reached XP level 9. HP: 58/65 MP: 23/23
 10953 | D:6      | Reached skill level 1 in Translocations
 11054 | D:6      | Learned a level 3 spell: Mephitic Cloud
 11641 | D:7      | Found a staircase to the Ecumenical Temple.
 11651 | D:8      | Found a sparkling altar of Nemelex Xobeh.
 12071 | D:8      | Reached skill level 1 in Transmutations
 12149 | D:8      | Reached skill level 1 in Summonings
 12676 | D:9      | Acquired Vehumet's first power
 12676 | D:9      | Offered knowledge of Shock by Vehumet.
 13037 | D:9      | Reached skill level 7 in Spellcasting
 13133 | D:10     | Entered Level 10 of the Dungeon
 13842 | D:12     | Slain by a killer bee

Action                   |  1- 3 |  4- 6 |  7- 9 || total
-------------------------+-------+-------+-------++-------
Melee: Dagger            |    31 |       |       ||    31
       Quarterstaff      |    19 |    49 |     4 ||    72
       Flail             |       |       |    57 ||    57
Throw: Stone             |    67 |    45 |    27 ||   139
       Tomahawk          |    26 |     1 |     8 ||    35
 Cast: Flame Tongue      |    41 |    60 |   250 ||   351
       Conjure Flame     |     4 |    11 |    42 ||    57
       Throw Flame       |       |    58 |   111 ||   169
       Blink             |       |       |     8 ||     8
       Mephitic Cloud    |       |       |     2 ||     2
       Summon Butterflie |       |       |     2 ||     2
Invok: Reject Sacrifices |       |       |     1 ||     1
Evoke: Wand              |       |       |     4 ||     4
  Use: Scroll            |     3 |     3 |     7 ||    13
